 Dungeon Crawl Stone Soup version 0.20-a0-217-g17e8ceb (webtiles) character file.

4620 Coron the Spear-Bearer (level 10, 0/91 HPs)
             Began as a Deep Dwarf Warper on Nov 28, 2016.
             Was a High Priest of Cheibriados.
             Slain by an orc warrior
             ... wielding a +0 halberd
              (18 damage)
             ... on level 9 of the Dungeon.
             The game lasted 00:29:35 (6082 turns).

Coron the Spear-Bearer (Deep Dwarf Warper)          Turns: 6082, Time: 00:29:35

Health: 0/91       AC: 22    Str: 35    XL:     10   Next: 19%
Magic:  9/9        EV: 10    Int: 23    God:    Cheibriados [*****.]
Gold:   289        SH:  0    Dex: 29    Spells: 10/12 levels left

rFire  . . .     SeeInvis .     H - +5 spear "Ziroib" {venom, Str+4 Int-4 Dex+5 Stlth+}
rCold  . . .     Gourm    .     t - +0 plate armour (curse)
rNeg   . . .     Faith    .     (no shield)
rPois  +         Spirit   .     (no helmet)
rElec  .         Reflect  .     q - +2 cloak
rCorr  .         Harm     .     (no gloves)
MR     +....     Rnd*Tele +     G - +2 pair of boots
Stlth  ..........               (no amulet)
                                x - +2 ring of protection
                                z - ring of poison resistance

@: non-regenerating, very slow
A: damage resistance, recharge devices, sense surroundings 3, slow regeneration
3, strong 1, teleportitis 1
a: Device Recharging, Bend Time, Temporal Distortion, Slouch, Step From Time,
Renounce Religion


You were on level 9 of the Dungeon.
You worshipped Cheibriados.
Cheibriados was extremely pleased with you.
You were hungry.

You visited 1 branch of the dungeon, and saw 9 of its levels.

You collected 404 gold pieces.
You spent 115 gold pieces at shops.

Inventory:

Hand Weapons
 a - a +1 hand axe
 E - a +0 battleaxe
 F - a +4 trident of flaming
 H - the +5 spear "Ziroib" (weapon) {venom, Str+4 Int-4 Dex+5 Stlth+}
   (You found it on level 5 of the Dungeon)

   It poisons the flesh of those it strikes.
   It affects your strength (+4).
   It affects your intelligence (-4).
   It affects your dexterity (+5).
   It makes you more stealthy.
 M - a +0 whip
Missiles
 e - 4 tomahawks of dispersal
 o - 25 tomahawks (quivered)
Armour
 b - a +0 leather armour
 p - a +0 ring mail
 q - a +2 cloak (worn)
 t - a cursed +0 plate armour (worn)
 y - a +0 scale mail
 D - a +0 chain mail
 G - a +2 pair of boots (worn)
Jewellery
 s - an uncursed ring of positive energy
 x - a +2 ring of protection (right hand)
 z - a ring of poison resistance (left hand)
 T - an uncursed ring of protection from magic
Wands
 f - a wand of heal wounds (0/9)
 h - a wand of iceblast (8/15)
Scrolls
 d - 3 scrolls of blinking
 j - 3 scrolls of identify
 l - 5 scrolls of teleportation
 m - 3 scrolls of enchant weapon
 n - a scroll of amnesia
 u - a scroll of recharging {unknown}
 B - 4 scrolls of remove curse
 K - a scroll of holy word {unknown}
 L - a scroll of vulnerability {unknown}
 N - a scroll of fear
Potions
 i - a potion of magic
 k - a potion of resistance
 v - 2 potions of brilliance
 w - a potion of ambrosia
 A - 2 potions of flight
 O - 2 potions of curing {unknown}
 R - a potion of haste {unknown}
Books
 c - a book of Spatial Translocations

   Spells                             Type                      Level
   a - Blink                          Translocation                2
   b - Shroud of Golubria             Charms/Translocation         2
   c - Lesser Beckoning               Translocation                3
   d - Portal Projectile              Translocation                3
   e - Teleport Other                 Translocation                3
   f - Passage of Golubria            Translocation                4
 Q - a book of Misfortune

   Spells                             Type                      Level
   a - Confusing Touch                Hexes                        1
   b - Confuse                        Hexes                        3
   c - Gell's Gravitas                Hexes/Translocation          3
   d - Petrify                        Transmutation/Earth          4
   e - Metabolic Englaciation         Hexes/Ice                    5
   f - Yara's Violent Unravelling     Hexes/Transmutation          5
Comestibles
 g - 11 bread rations
 r - 7 meat rations
 C - 5 fruits
 J - a slice of pizza
 P - 10 royal jellies


   Skills:
 - Level 6.0 Fighting
 - Level 2.7(7.9) Axes
 + Level 9.8(9.9) Polearms
 - Level 0.8 Throwing
 - Level 9.0 Armour
 - Level 2.1 Dodging
 - Level 1.7 Spellcasting
 - Level 3.2 Translocations


You had 10 spell levels left.
You knew the following spells:

 Your Spells              Type           Power        Failure   Level  Hunger
a - Blink                 Tloc           N/A          34%         2    ##.....


Dungeon Overview and Level Annotations

Branches:
Dungeon (9/15)             Temple (0/1) D:7
   Lair: D:8-11         Orc: D:9-12

Altars:
Cheibriados
Elyvilon
Gozag
Makhleb
Nemelex Xobeh
Okawaru
Sif Muna
Xom
Zin

Shops:
D:5 [   D:8 (


Innate Abilities, Weirdness & Mutations

You are resistant to damage.
You can recharge devices by infusing magical energy.
You passively map a large area around you.
You do not regenerate.
Your muscles are strong. (Str +2)
You are occasionally teleported next to monsters.


Message History

Erica is heavily wounded.
Erica barely misses you.
You puncture Erica!
Erica is severely wounded.
The orc warrior closely misses you.
You puncture Erica!
Erica looks as sick as possible!
Erica is severely wounded.
Erica hits you but does no damage.
You hit Erica.
Erica looks as sick as possible!
Erica is almost dead.
The orc warrior hits you but does no damage.
You hit Erica.
Erica looks as sick as possible!
Erica is almost dead.
Erica hits you but does no damage.
You hit Erica.
You kill Erica!
Cheibriados thoroughly appreciates the change of pace.
The orc warrior barely misses you.
The orc warrior hits you with a halberd!!
You die...

########## *#############
####......... * #....>......#
#............ #...........#
#.##.........,* ,
@#...........#
##.##.........,
.............###..##.........
#..........)##..####.######*
* , #..........oo@.## #....#
, #..)........#### ####.# *
#####+####### #.## * * #..# ,
* #####'### * _, #.......# ,
* +.......# ** , * ,
,#.......# * , +,, #.......#


You could see an orc warrior and an orc wizard.

Vanquished Creatures
  Erica (D:9)
  Joseph (D:7)
  2 hippogriffs (D:8)
  A hungry ghost (D:9)
  2 orc warriors
  2 necrophages
  4 sky beasts (D:8)
  An ice beast (D:8)
  4 ogres
  A phantom (D:6)
  2 centaurs
  Blork the orc (D:4)
  2 bullfrogs (D:7)
  A wyvern skeleton (D:8)
  3 scorpions
  4 killer bees (D:8)
  2 crimson imps (D:6)
  2 centaur skeletons (D:8)
  4 jellies (D:8)
  5 orc priests
  4 hounds
  6 orc wizards
  3 iguanas
  5 worker ants
  A hound zombie (D:6)
  A hound skeleton (D:5)
  2 worker ant zombies
  3 gnolls (D:7)
  8 adders
  10 oozes
  An adder skeleton (D:4)
  A worm (D:2)
  2 dart slugs (D:1)
  4 leopard geckos
  39 orcs
  9 bats
  6 giant cockroaches
  7 goblins
  3 hobgoblins
  6 jackals
  2 quokkas
  A ball python skeleton (D:5)
  2 frilled lizards
  10 kobolds
  A leopard gecko skeleton (D:5)
  A leopard gecko zombie (D:8)
  11 rats
194 creatures vanquished.

Notes
Turn   | Place    | Note
-------+----------+-------------------------------------------
     0 | D:1      | Coron the Deep Dwarf Warper began the quest for the Orb.
     0 | D:1      | Reached XP level 1. HP: 19/19 MP: 3/3
   116 | D:1      | Reached XP level 2. HP: 24/26 MP: 4/4
   336 | D:1      | Reached XP level 3. HP: 19/32 MP: 5/5
  1316 | D:2      | Gained mutation: You passively map the area around you. [potion of mutation]
  1316 | D:2      | Gained mutation: You are occasionally teleported next to monsters. [potion of mutation]
  1316 | D:2      | Gained mutation: Your muscles are strong. (Str +2) [potion of mutation]
  1339 | D:3      | Reached XP level 4. HP: 39/39 MP: 6/6
  1439 | D:3      | Found a snail-covered altar of Cheibriados.
  1450 | D:3      | Became a worshipper of Cheibriados the Contemplative
  1809 | D:3      | Found a shimmering altar of Xom.
  1813 | D:3      | You fall through a shaft for 2 floors!
  1813 | D:5      | Entered Level 5 of the Dungeon
  1818 | D:5      | Reached * piety under Cheibriados
  1877 | D:4      | Reached XP level 5. HP: 40/49 MP: 7/7
  2141 | D:3      | Found a faded altar of an unknown god.
  2201 | D:4      | Found a sparkling altar of Nemelex Xobeh.
  2354 | D:4      | Learned a level 2 spell: Blink
  2497 | D:4      | Noticed an ogre
  2500 | D:4      | Killed an ogre
  2500 | D:4      | Reached skill level 5 in Armour
  2500 | D:4      | Reached XP level 6. HP: 39/56 MP: 8/8
  2576 | D:4      | Noticed Blork the orc
  2589 | D:4      | Killed Blork the orc
  2820 | D:4      | Found a deep blue altar of Sif Muna.
  2820 | D:4      | Found a burning altar of Makhleb.
  2825 | D:4      | Found an iron altar of Okawaru.
  2827 | D:4      | Found a glowing silver altar of Zin.
  2834 | D:4      | Found a white marble altar of Elyvilon.
  3011 | D:5      | Found Soimurcha's Armour Boutique.
  3129 | D:5      | Reached ** piety under Cheibriados
  3166 | D:5      | Bought a +1 pair of boots for 115 gold pieces
  3196 | D:5      | Got a steaming spear
  3197 | D:5      | Identified the +5 spear "Ziroib" {venom, Str+4 Int-4 Dex+5 Stlth+} (You found it on level 5 of the Dungeon)
  3263 | D:5      | Reached skill level 1 in Polearms
  3263 | D:5      | Reached XP level 7. HP: 39/62 MP: 9/9
  3321 | D:5      | Found an opulent altar of Gozag.
  4023 | D:5      | Reached *** piety under Cheibriados
  4137 | D:6      | Reached XP level 8. HP: 38/69 MP: 9/9
  4846 | D:7      | Found a staircase to the Ecumenical Temple.
  4853 | D:7      | Noticed Joseph
  4869 | D:7      | Killed Joseph
  4869 | D:7      | Reached skill level 5 in Fighting
  4892 | D:7      | Reached **** piety under Cheibriados
  5196 | D:8      | Noticed a hippogriff
  5277 | D:8      | Gained mutation: You passively map a large area around you. [Deep Dwarf growth]
  5277 | D:8      | Reached XP level 9. HP: 37/82 MP: 8/8
  5325 | D:8      | Reached skill level 5 in Polearms
  5425 | D:8      | Found Vagec's Weapon Emporium.
  5709 | D:8      | Reached ***** piety under Cheibriados
  5990 | D:9      | Reached XP level 10. HP: 26/91 MP: 9/9
  6054 | D:9      | Noticed Erica
  6081 | D:9      | Killed Erica
  6082 | D:9      | Slain by an orc warrior

Vault maps used:
D:1:      dpeg_arrival_subterranean_lakeside_camping
D:2:      first_bread, roderic_lattice_a, corner_web_ring
D:3:      lemuel_coloured_pillars_altar, chequers_ecumenical_altar_grove,
          xom_redecorated
D:4:      chequers_temple_overflow_minitemple, hangedman_decor_diamond_cutter,
          minivault_14, nemelex_dance_club_becter, uniq_blork_the_orc
D:5:      lemuel_round_altar, serial_shops, shop
D:6:      kennysheep_generic_room_13
D:7:      cheibrodos_quashed, uniq_joseph
D:8:      minmay_opposing_rooms, serial_shops, shop,
          hangedman_little_slice_of_home, st_stairs_5
D:9:      grunt_temple_overflow_diamond, grunt_dithmenos_smoke, uniq_erica

Skill      XL: |  1  2  3  4  5  6  7  8  9 |
---------------+----------------------------+-----
Fighting       | 2 3 6 |  6.0
Armour         | 2 3 4 5 7 9 |  9.0
Polearms       | 1 4 9 |  9.8
Axes           | |  2.7
Throwing       | |  0.8
Dodging        | |  2.1
Spellcasting   | |  1.7
Translocations | |  3.2

Action                   |  1- 3 |  4- 6 |  7- 9 | 10-12 || total
-------------------------+-------+-------+-------+-------++-------
Melee: Hand axe          |   112 |   183 |       |       ||   295
       Battleaxe         |       |    10 |       |       ||    10
       Spear             |       |     3 |   371 |    17 ||   391
       Trident           |       |     1 |    15 |       ||    16
Throw: Tomahawk          |     5 |       |     8 |       ||    13
 Abil: Device Recharging |       |       |     3 |       ||     3
Evoke: Wand              |     1 |     7 |     6 |     1 ||    15
  Use: Scroll            |     5 |     7 |     6 |       ||    18
       Potion            |     1 |       |       |       ||     1
  Eat: Chunk             |     1 |     5 |     5 |       ||    11
Armor: Leather armour    |    33 |       |       |       ||    33
       Ring mail         |     4 |    22 |       |       ||    26
       Scale mail        |       |    98 |     8 |       ||   106
       Chain mail        |       |       |   111 |       ||   111
       Plate armour      |       |       |    94 |    21 ||   115
Dodge: Dodged            |    89 |   151 |   168 |    14 ||   422
